 Dungeon Crawl Stone Soup version 0.28.0 (webtiles) character file.

Game seed: 15320697972551156891

2141 BeingJoeMalik the Basher (level 9, 0/73 HPs)
             Began as a Yellow Draconian Fighter on Feb 15, 2022.
             Was an Initiate of Dithmenos.
             Slain by an acid dragon (6 damage)
             ... on level 7 of the Dungeon.
             The game lasted 00:16:12 (7069 turns).

BeingJoeMalik the Basher (Yellow Draconian Fighter) Turns: 7069, Time: 00:16:12

Health: 0/73       AC:  3    Str: 19    XL:     9   Next: 9%
Magic:  9/9        EV: 13    Int:  8    God:    Dithmenos [......]
Gold:   229        SH:  5    Dex: 15    Spells: 8/8 levels left

rFire   . . .      SeeInvis .   q - +4 flail
rCold   . . .      Faith    .   b - +0 buckler
rNeg    + . .      Spirit   .   (armour unavailable)
rPois   +          Reflect  .   (helmet restricted)
rElec   .          Harm     .   (no cloak)
rCorr   +          Rampage  .   (no gloves)
Will    .....                   (no boots)
Stlth   +.........              (no amulet)
HPRegen 0.22/turn               e - ring of positive energy
MPRegen 0.11/turn               r - ring of poison resistance

@: short of breath, corroded
A: spit acid, AC +7, unfitting armour, cold-blooded, acid resistance
a: Breathe Acid, Renounce Religion


You were on level 7 of the Dungeon.
You worshipped Dithmenos.
Dithmenos was noncommittal.
You visited 2 branches of the dungeon, and saw 8 of its levels.

You collected 229 gold pieces.

Inventory:

Hand Weapons
 a - a +1 flail
 q - a +4 flail (weapon)
Missiles
 d - 4 poisoned darts (quivered)
 v - a throwing net
Armour
 b - a +0 buckler (worn)
 o - a +1 kite shield
Jewellery
 e - a ring of positive energy (left hand)
 g - a ring of positive energy
 r - a ring of poison resistance (right hand)
Scrolls
 n - 2 scrolls of teleportation
 w - a scroll of enchant weapon
Potions
 c - a potion of might
 f - a potion of berserk rage {unknown}
 h - 2 potions of invisibility {unknown}
 i - a potion of attraction
 j - a potion of heal wounds {unknown}
 k - a potion of haste
 l - a potion of brilliance {unknown}
 m - 6 potions of curing
 p - a potion of ambrosia {unknown}
 t - a potion of cancellation {unknown}


   Skills:
 + Level 4.9 Fighting
 + Level 10.9 Maces & Flails
 + Level 4.2 Dodging
 + Level 3.8 Shields


You had 8 spell levels left.
You didn't know any spells.
Your spell library contained the following spells:

 Spells                   Type           Power      Damage    Failure   Level
 Sandblast                Erth           0%         2d4       50%         1
 Passwall                 Tmut/Erth      0%         N/A       63%         2
 Frozen Ramparts          Ice            0%         1d2       86%         3
 Stone Arrow              Conj/Erth      0%         3d7       86%         3
 Ice Form                 Ice/Tmut       0%         N/A       99%         4
 Summon Ice Beast         Ice/Summ       0%         N/A       99%         4
 Freezing Cloud           Conj/Ice/Air   0%         6-21      100%        5
 Simulacrum               Ice/Necr       0%         N/A       100%        6
 Polar Vortex             Ice            0%         N/A       100%        9


Dungeon Overview and Level Annotations

Branches:
Dungeon (7/15)             Temple (1/1) D:7

Altars:
Ashenzari
Cheibriados
Dithmenos
Elyvilon
Fedhas
Gozag
Hepliaklqana
Kikubaaqudgha
Makhleb
Nemelex Xobeh
Okawaru
Qazlal
Ru
Sif Muna
Trog
Uskayaw
Vehumet
Wu Jian
Xom
Zin
The Shining One

Shops:
D:1 [   D:6 *


Innate Abilities, Weirdness & Mutations

You can spit globs of acid.
Your golden yellow scales are hard. (AC +7)
You cannot fit into any form of body armour.
You are cold-blooded and may be slowed by cold attacks.
You are resistant to acid. (rCorr)


Message History

The acid dragon closely misses you.
The acid dragon claws you but does no damage.
You thump the acid dragon!
The acid dragon is moderately wounded.
The acid dragon barely misses you. The acid dragon claws you.
You barely miss the acid dragon.
Your tail-slap misses the acid dragon.
The acid dragon is moderately wounded.
The acid dragon bites you but does no damage.
The acid dragon claws you but does no damage.
You completely miss the acid dragon.
The acid dragon is moderately wounded.
The acid dragon barely misses you. The acid dragon closely misses you.
You sock the acid dragon!
The acid dragon is severely wounded.
You barely miss the acid dragon.
The acid dragon is severely wounded.
The acid dragon closely misses you. The acid dragon claws you.
You closely miss the acid dragon.
The acid dragon is severely wounded.
The acid dragon spits acid at you. The splash of acid hits you! You resist.
* * * LOW HITPOINT WARNING * * *
The acid corrodes you!
Press: ? - help, Shift-Dir - straight line, f - acid dragon
Aim: an acid dragon (severely wounded, catching its breath, 64% to hit)
You spit a glob of acid.
The glob of acid misses the acid dragon.
The acid dragon bites you!
* * * LOW HITPOINT WARNING * * *
The acid dragon claws you.
* * * LOW HITPOINT WARNING * * *
Unknown command.
Okay, then.
Unknown command.
Unknown command.
You closely miss the acid dragon.
You tail-slap the acid dragon, but do no damage.
The acid dragon is severely wounded.
The acid dragon bites you.
You die...

.. # #.. #
..#.. ...
...# #...
...## #...#
#..####
#...#
##....#
#....##...#
#.D@..## #
#..#))>.##
.# #######
#
##....##.#
#......
#...##.#
#.#####
#..##.# #.#
##.#...#
#.#
#..#....#.#
#.#
#........#
#.#
######.###
#.#


You could see an acid dragon (catching breath).

Vanquished Creatures
  Sigmund (D:2)
  2 water moccasins
  Duvessa (D:4)
  An ice beast (D:6)
  An orc warrior (D:7)
  A sky beast (D:6)
  3 ogres (D:4)
  A necrophage (D:6)
  A centaur (D:5)
  A phantom (D:6)
  A bullfrog (D:6)
  A scorpion (D:6)
  Dowan (D:4)
  A bullfrog zombie (D:6)
  A jelly (D:6)
  A centaur skeleton (D:5)
  3 orc priests
  A gnoll shaman (D:6)
  5 hounds
  An iguana (D:4)
  4 orc wizards
  9 gnolls
  A howler monkey skeleton (D:7)
  7 adders
  A shadow imp (D:6)
  A white imp (D:6)
  An adder skeleton (D:5)
  2 dart slugs
  24 orcs
  12 ball pythons
  4 endoplasms
  5 goblins
  4 hobgoblins
  4 kobolds
  3 quokkas
  8 bats
  5 frilled lizards
  5 rats
129 creatures vanquished.

Notes
Turn   | Place    | Note
-------+----------+-------------------------------------------
     0 | D:1      | BeingJoeMalik the Draconian Fighter began the quest for the
                  | Orb.
     0 | D:1      | Reached XP level 1. HP: 19/19 MP: 1/1
     0 | D:1      | Noticed a minotaur zombie
     5 | D:1      | Noticed a merfolk zombie
     8 | D:1      | Noticed a demonspawn zombie
    11 | D:1      | Noticed a minotaur zombie
    15 | D:1      | Noticed a demonspawn zombie
   226 | D:1      | Reached XP level 2. HP: 26/26 MP: 2/2
   329 | D:1      | Reached skill level 3 in Maces & Flails
   614 | D:1      | Found a faded altar of an unknown god.
   750 | D:1      | Found Lacwasuj's Armour Emporium.
   802 | D:2      | Reached XP level 3. HP: 20/31 MP: 3/3
   964 | D:2      | Reached skill level 4 in Maces & Flails
  1020 | D:2      | Reached XP level 4. HP: 38/38 MP: 4/4
  1089 | D:2      | You fall into a shaft and drop 1 floor!
  1221 | D:3      | Noticed Sigmund
  1688 | D:2      | Reached skill level 5 in Maces & Flails
  2207 | D:2      | Reached XP level 5. HP: 37/45 MP: 5/5
  2226 | D:2      | Killed Sigmund
  2227 | D:2      | Reached skill level 6 in Maces & Flails
  2227 | D:2      | Reached XP level 6. HP: 43/51 MP: 6/6
  3133 | D:4      | Reached skill level 7 in Maces & Flails
  3374 | D:4      | Noticed Duvessa
  3375 | D:4      | Noticed Dowan
  3448 | D:4      | Killed Duvessa
  3449 | D:4      | Your scales start taking on a golden yellow colour.
  3449 | D:4      | Reached XP level 7. HP: 50/57 MP: 7/7
  3449 | D:4      | Gained mutation: You are resistant to acid. (rCorr) [Yellow
                  | Draconian growth]
  3474 | D:4      | Killed Dowan
  3475 | D:4      | Reached skill level 8 in Maces & Flails
  4867 | D:5      | Entered Level 5 of the Dungeon
  4883 | D:5      | Reached skill level 9 in Maces & Flails
  5124 | D:5      | Reached XP level 8. HP: 39/63 MP: 8/8
  5756 | D:6      | Reached skill level 10 in Maces & Flails
  5814 | D:6      | Found Onauwi's Elemental Accessories.
  6731 | D:7      | Found a staircase to the Ecumenical Temple.
  6748 | Temple   | Entered the Ecumenical Temple
  6965 | Temple   | Became a worshipper of Dithmenos the Shadowed
  7014 | D:7      | Reached XP level 9. HP: 66/72 MP: 9/9
  7069 | D:7      | Slain by an acid dragon

Illustrated notes

Levels and vault maps discovered:
D:1:      shiori_arrival_whats_in_store_for_you, layout_rooms, serial_shops,
          nicolae_shop_trees, shapermc_ecumenical_altar_ellora
D:2:      layout_loops_ring
D:3:      layout_basic, uniq_sigmund
D:4:      layout_layer_cave, uniq_duvessa
D:5:      layout_layer_cave, st_stairs_9
D:6:      layout_cave_pods, hangedman_abyss_or_decor_passed,
          chequers_mini_garden, nicolae_elemental_shop, st_stairs_11,
          kennysheep_donut
D:7:      layout_basic, minmay_temple_entry_wispy, minmay_holes
Temple:   kilobyte_greek_temple

Skill      XL: |  1  2  3  4  5  6  7  8 |
---------------+-------------------------+-----
Maces & Flails | 3 4 5 6 7 9 10 | 10.9
Dodging        | 3 4 |  4.2
Fighting       | 4 |  4.9
Shields        | |  3.8

Action                   |  1- 3 |  4- 6 |  7- 9 || total
-------------------------+-------+-------+-------++-------
Melee: Flail             |    96 |   169 |   161 ||   426
       Tailslap          |    10 |    20 |    19 ||    49
Throw: Dart              |       |       |     7 ||     7
 Abil: Breathe Acid      |       |       |    19 ||    19
  Use: Potion            |       |     2 |       ||     2
       Scroll            |       |     5 |     6 ||    11
 Stab: Sleeping          |     2 |       |       ||     2
Armor: Skin              |    41 |    45 |    39 ||   125
Dodge: Dodged            |    68 |    98 |    94 ||   260
Block: Buckler           |    21 |    34 |    30 ||    85
